 Dungeon Crawl Stone Soup version 0.20.0-15-g7f486f2 (webtiles) character file.

1005 Peloso the Shield-Bearer (level 8, -4/103 HPs)
             Began as a Minotaur Fighter on June 17, 2017.
             Was an Initiate of Okawaru.
             Collided with a rock wall (11 damage)
             ... caused by Glitchraptor's ghost
             ... on level 6 of the Dungeon.
             The game lasted 00:11:33 (4122 turns).

Peloso the Shield-Bearer (Minotaur Fighter)         Turns: 4122, Time: 00:11:33

Health: -4/103     AC:  8    Str: 27    XL:     8   Next: 0%
Magic:  7/7        EV:  8    Int:  5    God:    Okawaru [......]
Gold:   312        SH: 15    Dex: 11    Spells: 7/7 levels left

rFire    + . .     SeeInvis .   a - +0 long sword
rCold    . . .     Gourm    .   c - +0 shield
rNeg     . . .     Faith    .   J - -2 chain mail (curse)
rPois    .         Spirit   .   (helmet restricted)
rElec    .         Reflect  +   (no cloak)
rCorr    .         Harm     .   (no gloves)
MR       .....                  (no boots)
Stlth    ..........             k - +4 amulet of reflection
Regen    0.3/turn               H - ring of protection from fire
MPRegen  0.1/turn               g - ring of loudness (curse)

@: berserking, lethally poisoned (-4 -> -6), very quick
A: retaliatory headbutt, horns 2
a: Renounce Religion


You were on level 6 of the Dungeon.
You worshipped Okawaru.
Okawaru was noncommittal.
You were not hungry.

You visited 1 branch of the dungeon, and saw 6 of its levels.

You collected 312 gold pieces.

Inventory:

Hand Weapons
 a - a +0 long sword (weapon)
 F - a +3 whip
Armour
 b - a +0 scale mail
 c - a +0 shield (worn)
 J - a cursed -2 chain mail (worn)
Jewellery
 g - a cursed ring of loudness (right hand)
 k - a +4 amulet of reflection (around neck)
 m - an uncursed ring of flight
 w - an uncursed amulet of rage
 x - an uncursed ring of fire
 H - a ring of protection from fire (left hand)
 L - an uncursed amulet of magic regeneration {unknown}
Wands
 r - a wand of scattershot (2/9)
 s - a wand of confusion (36/48)
 u - a wand of digging (8/24)
 C - a wand of digging (12/24)
 D - a wand of random effects (33/48)
Scrolls
 e - 3 scrolls of teleportation
 l - a scroll of fog
 p - a scroll of amnesia {unknown}
 v - 2 scrolls of remove curse
 y - a scroll of immolation {unknown}
 G - 2 scrolls of identify
Potions
 d - 2 potions of might
 h - 2 potions of agility
 i - a potion of invisibility
 o - a potion of cancellation {unknown}
 q - 3 potions of curing {unknown}
 t - 3 potions of magic {unknown}
 z - a potion of mutation {unknown}
 A - a potion of heal wounds {unknown}
Books
 E - a book of Callings

   Spells                             Type                      Level
   a - Summon Small Mammal            Summoning                    1
   b - Call Imp                       Summoning                    2
   c - Call Canine Familiar           Summoning                    3
   d - Summon Guardian Golem          Hexes/Summoning              3
   e - Summon Lightning Spire         Summoning/Air                4
   f - Summon Ice Beast               Ice/Summoning                4
Comestibles
 f - 5 bread rations
 j - a fruit
 B - 2 royal jellies
 I - a meat ration
 K - 6 chunks of flesh


   Skills:
 + Level 5.6 Fighting
 + Level 6.2 Long Blades
 + Level 5.8 Armour
 + Level 2.2 Dodging
 + Level 0.6 Stealth
 + Level 7.0 Shields
 + Level 0.8 Evocations


You had 7 spell levels left.
You didn't know any spells.

Dungeon Overview and Level Annotations

Branches:
Dungeon (6/15)
 Temple: D:4-7

Altars:
Cheibriados
Fedhas
Okawaru
Qazlal
Uskayaw
Xom

Annotations:
D:6 Glitchraptor's ghost, novice FeCj


Innate Abilities, Weirdness & Mutations

You reflexively headbutt those who attack you in melee.
You have a pair of horns on your head.


Message History

You block Glitchraptor's ghost's attack.
You completely miss Glitchraptor's ghost.
Glitchraptor's ghost is severely damaged.
You feel sick.
Glitchraptor's ghost whispers, "Trust me.
Just give in."
Glitchraptor's ghost hits you!
* * * LOW HITPOINT WARNING * * *
You miss Glitchraptor's ghost.
Your headbutt misses Glitchraptor's ghost.
Glitchraptor's ghost is severely damaged.
You miss Glitchraptor's ghost.
Your headbutt misses Glitchraptor's ghost.
Glitchraptor's ghost is severely damaged.
You feel sick.
Glitchraptor's ghost casts a spell at you.
The lance of force hits you!
* * * LOW HITPOINT WARNING * * *
You are knocked back by the lance of force.
You slam into the rock wall!
You die...

.....#. #...)...# #....#..
#.......# #...?.#.## #....)..#
#####># #.....##.......# #.....#
#....#o......# (....###.#
#...........# ..# #.#
####.....#### #.#
####o....######## ####.#
#@.Wa.#.....#...## #....#
#.#####..........# #....# #.#
#........... #..>.## #)#
#......(....
#.....######.#####...........
#####.................#.........#
#.#.#....###..........##...#...##
..#...#### #..........##########
#...#.# #..........#


You could see an orc warrior, a worker ant and Glitchraptor's ghost.

Vanquished Creatures
  Sigmund (D:4)
  Duvessa (D:5)
  An ice beast (D:5)
  An ogre (D:3)
  Dowan (D:5)
  A water moccasin skeleton (D:5)
  A howler monkey (D:5)
  A crimson imp (D:5)
  An orc priest (D:4)
  A bullfrog skeleton (D:4)
  3 orc wizards
  Jessica (D:2)
  A worker ant (D:4)
  2 iguanas
  4 adders
  A gnoll (D:1)
  An ooze (D:2)
  An adder skeleton (D:4)
  3 worms (D:2)
  A dart slug (D:1)
  13 orcs
  3 ball pythons
  2 giant cockroaches
  10 goblins
  7 hobgoblins
  2 jackals (D:2)
  8 kobolds
  4 quokkas
  12 bats
  4 frilled lizards
  A quokka zombie (D:5)
  7 rats
101 creatures vanquished.

Vanquished Creatures (others)
  An orc wizard (D:6)
  A goblin (D:3)
2 creatures vanquished.

Grand Total: 103 creatures vanquished

Notes
Turn   | Place    | Note
-------+----------+-------------------------------------------
     0 | D:1      | Peloso the Minotaur Fighter began the quest for the Orb.
     0 | D:1      | Reached XP level 1. HP: 19/19 MP: 0/0
   109 | D:1      | Reached XP level 2. HP: 20/27 MP: 1/1
   118 | D:1      | Reached skill level 4 in Shields
   366 | D:1      | Reached XP level 3. HP: 26/33 MP: 2/2
   710 | D:2      | Found a shimmering altar of Xom.
   807 | D:2      | Found a blossoming altar of Fedhas.
   813 | D:2      | Found a stormy altar of Qazlal.
   928 | D:2      | Noticed Jessica
   932 | D:2      | Killed Jessica
   932 | D:2      | Reached XP level 4. HP: 40/40 MP: 3/3
  1472 | D:3      | Noticed an ogre
  1479 | D:3      | Killed an ogre
  1479 | D:3      | Reached skill level 5 in Shields
  1479 | D:3      | Reached XP level 5. HP: 21/47 MP: 4/4
  1926 | D:4      | Noticed Sigmund
  1937 | D:4      | Killed Sigmund
  1937 | D:4      | Reached skill level 5 in Fighting
  1937 | D:4      | Reached skill level 5 in Armour
  1937 | D:4      | Reached XP level 6. HP: 50/56 MP: 5/5
  2191 | D:4      | Found a hide-covered altar of Uskayaw.
  2236 | D:4      | Reached skill level 5 in Long Blades
  2238 | D:4      | Reached XP level 7. HP: 18/61 MP: 6/6
  2239 | D:4      | Reached skill level 6 in Shields
  2468 | D:4      | Found a snail-covered altar of Cheibriados.
  2713 | D:5      | Entered Level 5 of the Dungeon
  2742 | D:5      | Reached skill level 1 in Dodging
  2876 | D:5      | Noticed Duvessa
  2876 | D:5      | Noticed Dowan
  2888 | D:5      | Killed Dowan
  2898 | D:5      | Killed Duvessa
  3094 | D:5      | Found an iron altar of Okawaru.
  3103 | D:5      | Became a worshipper of Warmaster Okawaru
  3491 | D:5      | Reached skill level 7 in Shields
  4100 | D:6      | Noticed Glitchraptor's ghost (novice FeCj)
  4100 | D:6      | Reached XP level 8. HP: 44/69 MP: 7/7
  4122 | D:6      | Collided with a rock wall

Skill      XL: |  1  2  3  4  5  6  7 |
---------------+----------------------+-----
Shields        | 4 5 7 |  7.0
Armour         | 4 5 |  5.8
Fighting       | 4 5 |  5.6
Long Blades    | 3 4 5 6 |  6.2
Dodging        | 2 |  2.2
Stealth        | |  0.6
Evocations     | |  0.8

Action                   |  1- 3 |  4- 6 |  7- 9 || total
-------------------------+-------+-------+-------++-------
Melee: Long sword        |    67 |    93 |    97 ||   257
       Headbutt          |    15 |    18 |    19 ||    52
Evoke: Wand              |       |     3 |     2 ||     5
  Use: Scroll            |       |     9 |     1 ||    10
       Potion            |       |       |     1 ||     1
  Eat: Chunk             |       |     4 |     6 ||    10
Armor: Scale mail        |    33 |    35 |    15 ||    83
       Chain mail        |       |       |     7 ||     7
Dodge: Dodged            |    13 |    25 |    20 ||    58
Block: Shield            |    52 |    90 |    76 ||   218
       Reflection        |       |     6 |     7 ||    13
       Rpst.: Long sword |     5 |     8 |     3 ||    16
